 Dungeon Crawl Stone Soup version 0.31-a0-426-g3a05650e59 (webtiles) character file.

Game seed: 16377526329991114401

39462 Lorrdernie the Carver (level 13, -1/83 HPs)
             Began as a Demonspawn Gladiator on July 30, 2023.
             Was a High Priest of Okawaru.
             Drowned by a water nymph (6 damage)
             ... on level 3 of the Lair of Beasts.
             The game lasted 00:28:46 (11676 turns).

Lorrdernie the Carver (Demonspawn Gladiator)       Turns: 11676, Time: 00:28:47

Health: -1/83      AC: 21    Str: 19    XL:     13   Next: 69%
Magic:  18/24      EV: 24    Int: 16    God:    Okawaru [*****.]
Gold:   786        SH:  0    Dex: 15    Spells: 10/12 levels left

rFire   + . .        a - +7 Throatcutter {drain, coup de grace}
rCold   . . .        (no shield)
rNeg    . . .        A - +2 ring mail {Will+}
rPois   +            e - +2 hat {Int+3}
rElec   .            x - +1 cloak {rF+}
rCorr   .            Y - +2 pair of gloves {Str+3}
SInv    .            p - +0 pair of boots
Will    +....        O - amulet of regeneration
Stlth   +            B - ring of poison resistance
HPRegen 1.13/turn    F - +5 ring of evasion
MPRegen 0.19/turn

%: no passive effects
@: heroic, finesse-ful, studying Dodging, very slow
A: icy blue scales 2, foul stench 3, demonic magic 1, weakness stinger 1, hooves
1, high MP 1, MP-powered wands
a: Renounce Religion, Heroism, Finesse, Duel


You were on level 3 of the Lair of Beasts.
You worshipped Okawaru.
Okawaru was extremely pleased with you.
You visited 3 branches of the dungeon, and saw 13 of its levels.
You also visited: Bailey and Volcano.

You collected 786 gold pieces.

Inventory:

Hand Weapons
 a - the +7 Throatcutter (weapon) {drain, coup de grace}
   (You found it on level 4 of the Dungeon)
 b - a +0 great sword of flaming
 W - a +3 scimitar of protection
Missiles
 c - 2 throwing nets
 d - 11 javelins
 u - 4 boomerangs (quivered)
 y - 18 poisoned darts
 G - 14 darts of dispersal
 H - 6 curare-tipped darts
Armour
 e - a +2 hat of intelligence (worn)
 l - a +3 leather armour of fire resistance
 p - a +0 pair of boots (worn)
 v - a +3 leather armour of poison resistance
 x - a +1 cloak of fire resistance (worn)
 A - a +2 ring mail of willpower (worn)
 E - a +0 cloak
 N - the +0 ring mail of Lucidity {rN++ rCorr}
   (You found it on level 8 of the Dungeon)

   rN:        It greatly protects you from negative energy.
   rCorr:     It protects you from acid and corrosion.
 Q - +2 steam dragon scales
 Y - a +2 pair of gloves of strength (worn)
Jewellery
 B - a ring of poison resistance (left hand)
 F - a +5 ring of evasion (right hand)
 O - an amulet of regeneration (around neck)
 X - an amulet of guardian spirit
 Z - a ring of resist corrosion
Talismans
 t - a serpent talisman
Wands
 m - a wand of light (14)
 z - a wand of flame (25)
 M - a wand of roots (14)
 V - a wand of paralysis (8)
Scrolls
 h - 2 scrolls of identify
 i - 6 scrolls of teleportation
 r - 2 scrolls of enchant weapon
 C - 2 scrolls of amnesia
 R - a scroll of vulnerability
 T - 2 scrolls of enchant armour
 U - a scroll of fog
Potions
 f - 3 potions of haste
 g - a potion of attraction
 j - 4 potions of lignification
 k - 2 potions of might
 n - a potion of enlightenment
 o - 3 potions of magic
 q - a potion of ambrosia {unknown}
 s - 3 potions of mutation
 w - 3 potions of brilliance
 D - 2 potions of heal wounds
 I - 3 potions of invisibility {unknown}
 J - 2 potions of resistance {unknown}
 K - 3 potions of cancellation {unknown}
 S - a potion of curing {unknown}
Miscellaneous
 P - a phantom mirror


   Skills:
 - Level 2.0(7.0) Fighting
 * Level 14.2(19.2) Long Blades
 * Level 9.3(14.3) Throwing
 + Level 5.6(10.6) Armour
 + Level 11.5(16.5) Dodging
 - Level 6.1(11.1) Unarmed Combat
 + Level 11.9 Invocations


You had 10 spell levels left.
You knew the following spells:

 Your Spells              Type           Power      Damage    Failure   Level
a - Blink                 Tloc           0%         N/A       50%         2

Your spell library contained the following spells:

 Spells                   Type           Power      Damage    Failure   Level
 Shock                    Conj/Air       0%         1d3       36%         1
 Slow                     Hex            0%         N/A       36%         1
 Lesser Beckoning         Tloc           0%         N/A       50%         2
 Momentum Strike          Conj/Tloc      0%         3d8       50%         2
 Wereblood                Tmut           0%         N/A       50%         2
 Confusing Touch          Hex            0%         N/A       75%         3
 Ignite Poison            Fire/Tmut/Pois 0%         N/A       75%         3
 Portal Projectile        Hex/Tloc       0%         N/A       75%         3
 Teleport Other           Tloc           0%         N/A       75%         3
 Vampiric Draining        Necr           0%         2d6       75%         3
 Volatile Blastmotes      Fire/Tloc      0%         2d10      75%         3
 Leda's Liquefaction      Hex/Erth       0%         N/A       98%         4
 Sticky Flame             Conj/Fire      0%         2d3       98%         4
 Borgnjor's Vile Clutch   Necr/Erth      0%         N/A       100%        5
 Fireball                 Conj/Fire      0%         3d3       100%        5
 Irradiate                Conj/Tmut      0%         3d11      100%        5
 Disjunction              Tloc           0%         N/A       100%        8
 Call Canine Familiar     Summ           Unusable   N/A       N/A         3
 Animate Dead             Necr           Unusable   N/A       N/A         4
 Death Channel            Necr           Unusable   N/A       N/A         6
 Malign Gateway           Summ/Tloc      Unusable   N/A       N/A         7

Dungeon Overview and Level Annotations

Branches:
Dungeon (9/15)             Temple (1/1) D:6            Lair (3/5) D:9
  Snake (0/4) Lair:3          Orc (0/2) D:9          Bailey (visited)
Volcano (visited)
  Swamp: Lair:2-3    Shoals: Lair:2-3

Altars:
Ashenzari
Cheibriados
Dithmenos
Fedhas
Gozag
Hepliaklqana
Kikubaaqudgha
Makhleb
Nemelex Xobeh
Okawaru
Qazlal
Ru
Sif Muna
Trog
Vehumet
Wu Jian
Xom
Yredelemnul

Shops:
D:8 :


Innate Abilities, Weirdness & Mutations

You are mostly covered in icy blue scales. (AC +3)
You frequently emit foul miasma when damaged in melee.
Spells you cast may paralyse adjacent enemies.
You have a small tail.
You have large cloven feet.
You have an increased reservoir of magic. (+10% MP)
You expend magic power (3 MP) to strengthen your wands.


Message History

The bullfrog is lightly wounded.
The bullfrog barely misses you.
You closely miss the bullfrog.
The bullfrog is lightly wounded.
You closely miss the bullfrog.
The bullfrog is lightly wounded.
The bullfrog closely misses you.
You slice the bullfrog!!
You kill the bullfrog!
Okawaru accepts your kill.
You enter the shallow water.
Moving in this stuff is going to be slow.
The water nymph touches you. The water nymph drowns you!
You emit a cloud of foul miasma!
The water nymph completely misses you.
You see here a bullfrog corpse.
You are too injured to fight recklessly!
You are too injured to fight recklessly!
Unknown command.
You hit the water nymph. You drain the water nymph. You punch the water nymph!
The water nymph is heavily wounded.
Your unstable footing causes you to fumble your attack.
The water nymph touches you. The water nymph drowns you!
The water nymph is engulfed in dark miasma.
The water nymph is poisoned.
The water nymph points at you and mumbles some strange words.
The water swirls and strikes you!
* * * LOW HITPOINT WARNING * * *
Your unstable footing causes you to fumble your attack.
Unknown command.
Your unstable footing causes you to fumble your attack.
Unknown command.
You closely miss the water nymph.
The water nymph is almost dead.
The bullfrog snags a nearby small bird with its tongue.
The water nymph touches you. The water nymph drowns you!
* * * LOW HITPOINT WARNING * * *
The water nymph is engulfed in dark miasma.
The water nymph looks even sicker.
The water nymph touches you. The water nymph drowns you.
You die...

##.#...#..#
###
##.....P...##
#....#......#
###P####.PP##
# ###
#P...##.#..
##.........
###........
#.#~#.#....
##@m##.###.
###m## ##
##.##.~F###
/.....~~..#.#
......#....#
...........#
....#~~.....#
....~#~.##..#
..###~~~# ~.#


You could see 2 water nymphs and a bullfrog.

Vanquished Creatures
  Rupert (Lair:3)
  Gastronok (Lair:1)
  A red draconian (Volcano)
  Josephine (Lair:3)
  Erolcha (D:9)
  A hydra (Lair:3)
  A centaur warrior (Volcano)
  A boulder beetle (D:8)
  6 death yaks (Lair:2)
  4 two-headed ogres
  Sonja (Lair:1)
  A skeletal warrior (D:8)
  Pikel (D:8)
  An orc knight (Bailey)
  3 ugly things (D:8)
  3 manticores (D:8)
  An oklob plant (Lair:2)
  6 black mambas
  Joseph (D:8)
  12 elephants
  Maggie (D:9)
  7 cane toads
  A rime drake (Lair:1)
  A komodo dragon (shapeshifter) (D:8)
  11 komodo dragons
  A yaktaur (Volcano)
  A polar bear (Lair:2)
  2 trolls
  4 blink frogs (Lair:1)
  3 wraiths (Lair:3)
  A wyvern (Lair:1)
  5 basilisks
  9 yaks (Lair:2)
  An acid dragon (D:8)
  12 water moccasins
  3 sky beasts
  A black bear (D:6)
  4 orc warriors (D:9)
  An ice beast (D:8)
  3 wolves (Lair:1)
  5 ogres
  9 centaurs
  6 kobold brigands
  4 lemures (D:8)
  11 bullfrogs
  3 gnoll sergeants (D:9)
  2 scorpions (D:5)
  7 wights (D:8)
  A howler monkey (D:9)
  3 hounds
  A gnoll bouda (D:6)
  6 orc priests
  12 iguanas
  A sleepcap (D:6)
  Ijyb (D:4)
  Natasha (thrice) (D:4)
  14 orc wizards
  Robin (D:4)
  26 gnolls
  6 adders
  A shadow imp (D:7)
  A white imp (D:6)
  2 worms
  3 dart slugs
  56 orcs
  8 ball pythons
  7 endoplasms
  3 giant cockroaches
  14 goblins
  4 hobgoblins
  7 jackals
  4 quokkas
  4 bats
  A frilled lizard (D:1)
  21 kobolds
  20 rats
398 creatures vanquished.

Vanquished Creatures (others)
  A human (D:6)
1 creature vanquished.

Grand Total: 399 creatures vanquished

Notes
Turn   | Place    | Note
-------+----------+-------------------------------------------
     0 | D:1      | Lorrdernie the Demonspawn Gladiator began the quest for the
                  | Orb.
     0 | D:1      | Reached XP level 1. HP: 16/16 MP: 1/1
   194 | D:1      | Gained mutation: You have a small tail. [demonic ancestry]
   194 | D:1      | Reached XP level 2. HP: 21/22 MP: 2/2
   684 | D:2      | Identified the +6 rapier "Nyqek" {vamp, rF++ rC- Dex+2}
   798 | D:2      | Gained mutation: You may rarely emit foul miasma when
                  | damaged in melee. [demonic ancestry]
   798 | D:2      | Reached XP level 3. HP: 24/27 MP: 3/3
  1445 | D:3      | Reached XP level 4. HP: 20/33 MP: 4/4
  1677 | D:3      | Reached skill level 5 in Unarmed Combat
  1833 | D:3      | Found a faded altar of an unknown god.
  1927 | D:3      | Gained mutation: You are partially covered in icy blue
                  | scales. (AC +2) [demonic ancestry]
  1927 | D:3      | Reached XP level 5. HP: 36/38 MP: 5/5
  2473 | D:4      | Noticed Natasha
  2476 | D:4      | Killed Natasha
  2622 | D:4      | Found the +7 Throatcutter {drain, coup de grace}
  2635 | D:4      | Reached skill level 1 in Long Blades
  2635 | D:4      | Reached XP level 6. HP: 35/44 MP: 6/6
  2754 | D:4      | Found a blossoming altar of Fedhas.
  2754 | D:4      | Noticed Natasha
  2761 | D:4      | Killed Natasha
  2762 | D:4      | Reached skill level 2 in Long Blades
  2887 | D:4      | Noticed Natasha
  2892 | D:4      | Killed Natasha
  2916 | D:4      | Found a bloodstained altar of Trog.
  2916 | D:4      | Noticed Ijyb
  2920 | D:4      | Killed Ijyb
  3032 | D:4      | Noticed Robin
  3050 | D:4      | Killed Robin
  3051 | D:4      | Reached skill level 3 in Long Blades
  3120 | D:4      | Found a sacrificial altar of Ru.
  3168 | D:5      | Entered Level 5 of the Dungeon
  3218 | D:5      | Gained mutation: You are mostly covered in icy blue scales.
                  | (AC +3) [demonic ancestry]
  3218 | D:5      | Reached XP level 7. HP: 41/50 MP: 7/7
  3271 | D:5      | Reached skill level 4 in Long Blades
  3469 | D:5      | Reached skill level 5 in Long Blades
  3472 | D:5      | You fall into a shaft and drop 2 floors!
  3676 | D:5      | Found an ornate altar of the Wu Jian Council.
  3902 | D:6      | Found an ancient bone altar of Kikubaaqudgha.
  3903 | D:6      | Noticed a human
  3905 | D:6      | Killed a human
  4001 | D:6      | Reached skill level 6 in Long Blades
  4004 | D:6      | Found a staircase to the Ecumenical Temple.
  4015 | Temple   | Entered the Ecumenical Temple
  4033 | Temple   | Became a worshipper of Warmaster Okawaru
  4063 | D:6      | Reached XP level 8. HP: 48/56 MP: 8/8
  4131 | D:6      | Reached skill level 7 in Long Blades
  4467 | D:6      | Reached skill level 8 in Long Blades
  5118 | D:7      | Noticed a two-headed ogre
  5129 | D:7      | Killed a two-headed ogre
  5129 | D:7      | Reached * piety under Okawaru
  5129 | D:7      | Reached ** piety under Okawaru
  5130 | D:7      | Reached skill level 9 in Long Blades
  5130 | D:7      | Gained mutation: Spells you cast may paralyse adjacent
                  | enemies. [demonic ancestry]
  5130 | D:7      | Reached XP level 9. HP: 40/61 MP: 9/9
  5231 | D:7      | Reached skill level 10 in Long Blades
  5273 | D:7      | Noticed a troll
  5283 | D:7      | Killed a troll
  5461 | D:7      | Found a broken altar of Ashenzari.
  5681 | D:8      | Reached *** piety under Okawaru
  5693 | D:8      | Reached skill level 11 in Long Blades
  5744 | D:8      | Found a flagged portal.
  5759 | Bailey   | Entered a bailey
  5928 | Bailey   | Noticed an orc knight
  5938 | Bailey   | Killed an orc knight
  6269 | D:8      | Reached skill level 12 in Long Blades
  6269 | D:8      | Gained mutation: You sometimes emit foul miasma when
                  | damaged in melee. [demonic ancestry]
  6269 | D:8      | Reached XP level 10. HP: 67/67 MP: 10/10
  6365 | D:8      | Noticed Pikel
  6384 | D:8      | Noticed a brown ugly thing
  6407 | D:8      | Killed a brown ugly thing
  6415 | D:8      | Killed Pikel
  6415 | D:8      | Reached **** piety under Okawaru
  6564 | D:8      | Found Xaig's Self-Improvement Boutique.
  6565 | D:8      | Noticed Joseph
  6566 | D:8      | Identified the +0 ring mail of Lucidity {rN++ rCorr}
  6582 | D:8      | Killed Joseph
  6583 | D:8      | Reached skill level 13 in Long Blades
  6731 | D:8      | Noticed a skeletal warrior
  6731 | D:8      | Noticed a manticore
  6731 | D:8      | Noticed a manticore
  6732 | D:8      | Found a runed translucent door.
  6870 | D:8      | Noticed a green ugly thing
  6873 | D:8      | Noticed a manticore
  6873 | D:8      | Noticed a boulder beetle
  6873 | D:8      | Noticed a purple ugly thing
  7002 | D:8      | Killed a green ugly thing
  7005 | D:8      | Reached skill level 1 in Invocations
  7012 | D:8      | Killed a purple ugly thing
  7012 | D:8      | Received a gift from Okawaru
  7020 | D:8      | Killed a skeletal warrior
  7020 | D:8      | Reached ***** piety under Okawaru
  7034 | D:8      | Killed a manticore
  7035 | D:8      | Reached skill level 14 in Long Blades
  7232 | D:8      | Killed a boulder beetle
  7233 | D:8      | Reached XP level 11. HP: 72/72 MP: 4/13
  7313 | D:8      | Got the Volume of the Solid Nimbus
  7326 | D:8      | Got the Excursus on Incandescent Malignant Ceremonies
  7523 | D:9      | Found a staircase to the Lair.
  7588 | D:9      | Noticed Erolcha
  7596 | D:9      | Killed Erolcha
  7597 | D:9      | Reached skill level 5 in Dodging
  7597 | D:9      | Reached skill level 5 in Invocations
  7701 | D:9      | Noticed Maggie
  7712 | D:9      | Killed Maggie
  7781 | D:9      | Noticed a two-headed ogre
  7794 | D:9      | Killed a two-headed ogre
  7846 | D:9      | Found a staircase to the Orcish Mines.
  7978 | D:9      | Noticed a two-headed ogre
  7984 | D:9      | Killed a two-headed ogre
  7984 | D:9      | Received a gift from Okawaru
  8121 | D:9      | Noticed a two-headed ogre
  8133 | D:9      | Killed a two-headed ogre
  8221 | D:9      | Got the Almanac of Peregrination
  8263 | D:9      | Learned a level 2 spell: Blink
  8279 | Lair:1   | Entered Level 1 of the Lair of Beasts
  8336 | Lair:1   | Reached ****** piety under Okawaru
  8357 | Lair:1   | Noticed Sonja
  8372 | Lair:1   | Identified the +9 glaive of Okawaru's Esteem {elec, Will+
                  | Stlth+} (Okawaru gifted it to you on level 1 of the Lair of
                  | Beasts)
  8372 | Lair:1   | Received a gift from Okawaru
  8389 | Lair:1   | Killed Sonja
  8390 | Lair:1   | Reached skill level 1 in Armour
  8390 | Lair:1   | Gained mutation: You frequently emit foul miasma when
                  | damaged in melee. [demonic ancestry]
  8390 | Lair:1   | Reached XP level 12. HP: 37/76 MP: 18/18
  8466 | Lair:1   | Noticed Gastronok
  8488 | Lair:1   | Killed Gastronok
  8489 | Lair:1   | Reached skill level 5 in Throwing
  9471 | Lair:2   | Received a gift from Okawaru
  9565 | Lair:2   | Reached skill level 10 in Invocations
  9890 | Lair:2   | Noticed a death yak
  9892 | Lair:2   | Noticed a death yak
  9892 | Lair:2   | Noticed a death yak
  9892 | Lair:2   | Noticed a death yak
  9893 | Lair:2   | Noticed a death yak
  9893 | Lair:2   | Noticed a death yak
  9947 | Lair:2   | Killed a death yak
  9964 | Lair:2   | Killed a death yak
  9965 | Lair:2   | Reached skill level 10 in Dodging
  9982 | Lair:2   | Killed a death yak
  9989 | Lair:2   | Killed a death yak
  9998 | Lair:2   | Killed a death yak
 10005 | Lair:2   | Killed a death yak
 10066 | Lair:2   | Reached XP level 13. HP: 65/83 MP: 21/21
 10793 | Lair:3   | Noticed Josephine
 10815 | Lair:3   | Killed Josephine
 10815 | Lair:3   | Received a gift from Okawaru
 10901 | Lair:3   | Found a dark tunnel.
 10957 | Lair:3   | Reached skill level 5 in Armour
 10979 | Volcano  | Entered a volcano
 10999 | Volcano  | Found a bloodstained altar of Trog.
 11001 | Volcano  | Noticed a red draconian
 11020 | Volcano  | Gained mutation: You have an increased reservoir of magic.
                  | (+10% MP) [potion of mutation]
 11020 | Volcano  | Gained mutation: You expend magic power (3 MP) to
                  | strengthen your wands. [potion of mutation]
 11020 | Volcano  | Gained mutation: You have large cloven feet. [potion of
                  | mutation]
 11035 | Volcano  | Killed a red draconian
 11265 | Lair:3   | Found a staircase to the Snake Pit.
 11295 | Lair:3   | Identified the +3 rapier "Beetlebane" {freeze, rPois}
                  | (Okawaru gifted it to you on level 3 of the Lair of Beasts)
 11295 | Lair:3   | Received a gift from Okawaru
 11404 | Lair:3   | Noticed Rupert
 11445 | Lair:3   | Killed Rupert
 11676 | Lair:3   | Drowned by a water nymph

Illustrated notes

Levels and vault maps discovered:
D:1:      lemuel_arrival_rhombus, layout_loops_ring
D:2:      layout_loops_ring, minmay_tromino_v2
D:3:      minmay_door_path, layout_rooms, marbit_many_paths,
          dilly_ecumenical_altar_fadedgnrine, minmay_rat_hole
D:4:      layout_basic, nicolae_ru_path_of_blood, fedhas_altar_3,
          nicolae_overflow_hidden_temple, dilly_guarded_unrand_throatcut,
          uniq_natasha, uniq_ijyb, uniq_robin
D:5:      layout_cave_pools, nicolae_wu_jian_immortal_techniques
D:6:      layout_basic, kennysheep_little_box, tgw_kikubaaqudgha,
          temple_fountains, serial_bayou_pond_c, minmay_unpleasant_kobolds
D:7:      layout_rooms, overflow_temple_1_default, nicolae_the_louvre
D:8:      minmay_gate_of_8, layout_basic, enter_bailey_1,
          nicolae_shop_self_help, uniq_pikel, uniq_joseph
D:9:      layout_roguey, david_lair_shrubbed,
          kennysheep_orc_monster_closet_entryway, grunt_decor_one_mirror,
          uniq_erolcha, uniq_maggie
Temple:   nicolae_temple_god_jail
Lair:1:   layout_loops_ring, serial_bayou_pond_d, uniq_sonja, uniq_gastronok
Lair:2:   beast_lair_carwin_large_4, layout_layer_cave,
          pdpol_lair_neglected_garden
Lair:3:   layout_layer_cave, nicolae_shoals_entry_flooding,
          minmay_snake_entry_six_corridors, enter_volcano_2, uniq_rupert,
          uniq_josephine

Skill      XL: |  1  2  3  4  5  6  7  8  9 10 11 12 13 |
---------------+----------------------------------------+-----
Unarmed Combat | 3 4 5 6 |  6.1
Long Blades    | 1 3 6 9 12 14 | 14.2
Invocations    | 3 9 10 11 | 11.9
Dodging        | 4 8 10 11 | 11.5
Throwing       | 4 7 9 |  9.3
Armour         | 1 4 5 |  5.6
Fighting       | |  2.0

Action                     |  1- 3 |  4- 6 |  7- 9 | 10-12 | 13-15 || total
---------------------------+-------+-------+-------+-------+-------++-------
  Melee: Unarmed           |   125 |   168 |       |       |       ||   293
         Tailslap          |     8 |    27 |    20 |    78 |    46 ||   179
         Punch             |     1 |     4 |     7 |    40 |    17 ||    69
         Long sword        |       |    42 |   205 |   510 |   235 ||   992
         Great sword       |       |       |       |       |    31 ||    31
  Throw: Boomerang         |       |     3 |     2 |    32 |     1 ||    38
         Throwing net      |       |     1 |     2 |       |       ||     3
         Dart              |       |       |     2 |     2 |       ||     4
 Invoke: Heroism           |       |       |     1 |     8 |     5 ||    14
         Finesse           |       |       |       |     3 |     3 ||     6
    Use: Scroll            |       |       |     8 |     4 |     7 ||    19
         Potion            |       |       |       |     1 |     7 ||     8
   Stab: Sleeping          |     4 |     2 |       |       |       ||     6
         Held in net/web   |       |       |     2 |       |       ||     2
 Armour: Leather armour    |    27 |    76 |       |       |       ||   103
         Ring mail         |       |       |    62 |    91 |    90 ||   243
  Dodge: Dodged            |    70 |   120 |   155 |   302 |   279 ||   926

Table legend: (Time is in decaauts)
 A = Elapsed time spent in this place.
 B = Non-inter-level travel time spent in this place.
 C = Inter-level travel time spent in this place.
 D = Time resting spent in this place.
 E = Time spent auto-exploring this place.
 F = Levels seen in this place.
 G = Mean time per level.
                   A        B        C        D        E       F      G
               +--------+--------+--------+--------+--------+-----+--------+
         Total |  11422 |  11034 |    388 |   1506 |   6885 |  15 |  761.5 |
       Dungeon |   7669 |   7342 |    327 |   1020 |   4756 |   9 |  852.1 |
        Temple |     30 |     30 |      0 |      0 |      0 |   1 |   30.0 |
          Lair |   3015 |   2955 |     60 |    315 |   1824 |   3 | 1005.0 |
        Bailey |    498 |    498 |      0 |    156 |    250 |   1 |  498.0 |
       Volcano |    208 |    208 |      0 |     14 |     54 |   1 |  208.0 |
               +--------+--------+--------+--------+--------+-----+--------+

Top non-repeatable levels by time:
  Lair:2: 1491 daAuts
     D:6: 1266 daAuts
     D:8: 1150 daAuts
     D:4: 966 daAuts
  Lair:1: 916 daAuts
     D:9: 885 daAuts
     D:3: 795 daAuts
     D:2: 726 daAuts
     D:1: 662 daAuts
     D:7: 655 daAuts
  Lair:3: 607 daAuts
     D:5: 560 daAuts
  Bailey: 498 daAuts
 Volcano: 208 daAuts
  Temple: 30 daAuts
